Cogmind - Beta 10.1 @@@ ROGUE MODE // 2020.09.24 @ 20:46:21 Player: sentrybuster Result: Destroyed by D-53 Grenadier with Mini Grenade Launcher Performance ------------- Evolutions (2) 1000 Regions Visited (4) 800 Robots Destroyed (42) 210 Value Destroyed (923) 923 Prototype IDs (2) 40 Alien Tech Used (0) 0 Bonus (-543) -543 TOTAL SCORE: 2430 Bonus ------- High Alert Combat Kills 37 Follower Combat Kills 348 Friendly Fire -928 Cogmind --------- Core Integrity 0/550 Matter 143/300 Energy 72/100 System Corruption 2% Temperature Cool (0) Movement Core (50) Location -8/Storage Parts ------- > --- POWER (1) -------- (None) > --- PROPULSION (4) --- (None) > --- UTILITY (3) ------ (None) > --- WEAPON (3) ------- (None) > --- INVENTORY (4) ---- Improved Ion Engine Drone Bay (2/2) Drone Bay (2/2) Improved Medium Laser Peak State ------------ > --- POWER ------------ Heavy Ion Engine > --- PROPULSION ------- Light Treads Light Treads Light Treads Light Treads > --- UTILITY ---------- Heat Sink High-capacity Storage Unit Improved Signal Interpreter > --- WEAPON ----------- Improved Medium Laser Improved Light Cannon Flak Cannon > --- INVENTORY -------- Improved Ion Engine Light Treads Light Treads Wheel Compact Wheel Drone Bay Drone Bay EM Shotgun Grenade Launcher Mini Grenade Launcher Hammer [Rating: 21] Favorites ----------- Power Light Ion Engine Engine Light Ion Engine Propulsion Light Treads Treads Light Treads Wheel Wheel Utility Heat Sink Device Heat Sink Storage High-capacity Storage Unit Processor Improved Signal Interpreter Weapon Medium Laser Energy Gun Medium Laser Ballistic Gun Light Assault Rifle Ballistic Cannon Improved Light Cannon Launcher Mini Grenade Launcher Impact Weapon Hammer Build | -11 -10 -9 -8 -8 ------- Run | Scr Mat Mat Mat Sto Slots Evolved 4 | . . 2 2 . Power . | . . . . . Propulsion 2 | . . . 2 . Utility 1 | . . 1 . . Weapon 1 | . . 1 . . Parts Attached 49 | 6 7 15 3 18 Power 5 | 1 1 1 . 2 Engine 5 | 1 1 1 . 2 Core . | . . . . . Reactor . | . . . . . Propulsion 15 | 2 . 4 2 7 Treads 12 | 2 . 3 2 5 Leg . | . . . . . Wheel 3 | . . 1 . 2 Hover . | . . . . . Flight . | . . . . . Utility 6 | 1 1 2 . 2 Device 3 | . . 2 . 1 Storage 2 | 1 1 . . . Processor 1 | . . . . 1 Hackware . | . . . . . Protection . | . . . . . Artifact . | . . . . . Weapon 23 | 2 5 8 1 7 Energy Gun 13 | 2 3 5 . 3 Energy Cannon . | . . . . . Ballistic Gun 1 | . . 1 . . Ballistic Cannon 2 | . . . . 2 Launcher 5 | . 1 1 1 2 Special Weapon . | . . . . . Impact Weapon 2 | . 1 1 . . Slashing Weapon . | . . . . . Piercing Weapon . | . . . . . Special Melee Weapon . | . . . . . Unidentified Prototypes 2 | . . . . 2 Parts Lost 34 | . 4 9 2 19 Power 4 | . 1 1 . 2 Propulsion 10 | . . 2 . 8 Utility 3 | . . . . 3 Weapon 17 | . 3 6 2 6 Highest Loss Streak 15 | . 2 8 2 15 Average Slot Usage (%) 84 | . 79 78 99 87 Engine 8 | . 9 9 9 7 Treads 28 | . 28 19 36 34 Device 9 | . . 12 18 9 Storage 10 | . 14 11 9 9 Processor 1 | . . . . 4 Energy Gun 12 | . 16 23 24 . Ballistic Cannon 5 | . . . . 12 Launcher 4 | . 2 1 2 8 Impact Weapon 1 | . 7 . . . Naked Turns 1 | . . . . 1 Heaviest Build 54 | 10 40 44 44 54 Greatest Support 80 | 40 40 40 80 80 Greatest Overweight (x) 3 | 1 . 3 . 1 Average Overweight (x) . | . . . . . Largest Inventory Capacity 14 | 6 14 12 12 12 Average Capacity 10 | 5 6 12 12 11 Most Carried 11 | 4 7 8 7 11 Average Carried 5 | 2 4 6 6 6 Final Capacity 12 | 6 12 12 12 4 Final Carried 8 | 4 7 8 6 4 Class Distribution -------------------- 39% | Mutant 30% | Scavenger-Mutant 21% | Scavenger-Gunner 7% | Commander-Mutant Dominant Class ---------------- Mutant | -10/Materials Mutant | -9/Materials Scavenger-Gunner | -8/Materials Scavenger-Mutant | -8/Storage Resources | -11 -10 -9 -8 -8 ----------- Run | Scr Mat Mat Mat Sto Matter Collected 823 | 230 105 155 . 333 Remotely . | . . . . . Salvage Created 968 | . 304 228 55 381 Parts 94 | . 31 14 16 33 Haulers Intercepted 1 | . . . . 1 Recyclers Shooed 1 | . . . . 1 Parts Field Recycled . | . . . . . Retrieved Matter . | . . . . . Parts Self-Destructed . | . . . . . Prevented . | . . . . . Kills | -11 -10 -9 -8 -8 ------- Run | Scr Mat Mat Mat Sto Combat Hostiles Destroyed 27 | . 8 4 7 8 Guns 8 | . 4 3 1 . Cannons 6 | . . . . 6 AOE 12 | . 3 1 6 2 Classes Destroyed 10 | . 2 2 1 5 Worker 4 | . . 1 . 3 Builder 4 | . 3 . 1 . Hauler 1 | . . . . 1 Recycler 1 | . . . . 1 Operator 1 | . . . . 1 Watcher 1 | . . . . 1 Swarmer 9 | . . . 7 2 Grunt 11 | . 8 . . 3 Sentry 9 | . . 4 . 5 Assembled 1 | . . . . 1 Best Kill Streak 8 | . 7 2 8 5 Combat Bots Only 7 | . 4 2 7 5 Max Kills in Single Turn 4 | . 4 1 3 3 Gunslinging . | . . . . . Exploded 3 | . 2 1 3 1 Melee . | . . . . . Uniques/NPCs Destroyed . | . . . . . Combat | -11 -10 -9 -8 -8 -------- Run | Scr Mat Mat Mat Sto Damage Taken 3384 | . 597 743 274 1770 Core 831 | . 173 105 . 553 Absorbed by Shields . | . . . . . Core Remaining (%) 67 | 100 30 73 . . Volleys Fired 73 | . 15 22 7 29 Largest 3 | . 2 3 3 3 Hottest 140 | . 80 140 136 139 Shots Fired 139 | . 22 40 18 59 Gun 72 | . 19 37 14 2 Cannon 42 | . . . . 42 Launcher 25 | . 3 3 4 15 Special . | . . . . . Kinetic 45 | . . 3 . 42 Thermal 54 | . 4 34 14 2 Explosive 25 | . 3 3 4 15 Electromagnetic 15 | . 15 . . . Robot Hit Streak 25 | . 5 12 4 25 Robot Miss Streak 6 | . 2 3 3 6 Penetration Max . | . . . . . Secondary Targets 1 | . . 1 . . Max Gunslinging Chain 1 | . . 1 . . Shots Hit Robots 97 | . 17 31 9 40 Core Hits 98 | . 19 9 12 58 Critical Hits 1 | . . . . 1 Critical Kills . | . . . . . Critical Parts Destroyed 1 | . . . . 1 Melee Attacks 3 | . 2 1 . . Impact 3 | . 2 1 . . Slashing . | . . . . . Piercing . | . . . . . Sneak Attacks . | . . . . . Combat Hostiles . | . . . . . Follow-up Attacks . | . . . . . Damage Inflicted 3796 | . 687 390 702 2017 Guns 539 | . 146 291 90 12 Cannons 713 | . . . . 713 Explosions 2509 | . 509 96 612 1292 Melee 32 | . 32 . . . Ramming 3 | . . 3 . . Kinetic 732 | . . 19 . 713 Thermal 474 | . 100 272 90 12 Explosive 2421 | . 421 96 612 1292 Electromagnetic 134 | . 134 . . . Impact 32 | . 32 . . . Slashing . | . . . . . Piercing . | . . . . . Highest Corruption 2 | . . . . 2 Average Corruption 1 | . . . . 1 Corruption Purged . | . . . . . Effects 4 | . . . . 4 Message Errors 2 | . . . . 2 Heat Flow Errors 1 | . . . . 1 Targeting Errors 1 | . . . . 1 Overload Shots . | . . . . . Overflow Damage 103 | . 2 9 34 58 Projectiles . | . . . . . Explosions 101 | . . 9 34 58 Melee 2 | . 2 . . . Knockbacks 5 | . . . . 5 Impact . | . . . . . Kinetic 5 | . . . . 5 Secondary . | . . . . . Self-Inflicted Damage 332 | . 114 . 40 178 Shots 11 | . 4 . 1 6 Rammed 2 | . . 1 1 . Targets Rammed 2 | . . 1 1 . Kicked . | . . . . . Crushed . | . . . . . Highest Temperature 249 | . 99 249 8 174 Average Temperature 83 | . 33 174 7 30 Received Heat Transfer 790 | . 228 216 63 283 Effects 1 | . . 1 . . Interference 1 | . . 1 . . Siege Activations . | . . . . . Robots Corrupted 1 | . 1 . . . Combat Hostiles 1 | . 1 . . . Parts Fried 2 | . 2 . . . Impact Corruptions 1 | . 1 . . . Robots Melted . | . . . . . Combat Hostiles . | . . . . . Parts Melted 6 | . . 6 . . Heat Transferred 1273 | . 175 802 259 37 Parts Sabotaged . | . . . . . Parts Stolen . | . . . . . Parts Stripped . | . . . . . Power Chain Reactions 1 | . 1 . . . Missiles Intercepted . | . . . . . Alert | -11 -10 -9 -8 -8 ------- Run | Scr Mat Mat Mat Sto Peak Influence 611 | . 250 115 213 611 Initial 105 | . . 105 . 81 Average 162 | . 157 48 32 286 Maximum Alert Level 2 | . 1 . 1 2 Low Security (%) 61 | 100 55 100 93 27 Level 1 33 | . 44 . 6 59 Level 2 5 | . . . . 12 Level 3 . | . . . . . Level 4 . | . . . . . Level 5 . | . . . . . High Security . | . . . . . Max Security . | . . . . . Squads Dispatched 9 | . 3 . 2 4 Investigation 2 | . 1 . . 1 Extermination . | . . . . . Reinforcement 7 | . 2 . 2 3 Assault . | . . . . . Garrison . | . . . . . Intercept . | . . . . . Construction Impeded 1 | . . . 1 . Haulers Reinforced . | . . . . . Stealth | -11 -10 -9 -8 -8 --------- Run | Scr Mat Mat Mat Sto Distress Signals 7 | . 1 1 1 4 Communications Jammed . | . . . . . Distress Signals . | . . . . . Times Spotted 62 | . 12 7 14 29 Peak Tracking Total 11 | . 4 4 11 8 Tactical Retreats . | . . . . . Traps | -11 -10 -9 -8 -8 ------- Run | Scr Mat Mat Mat Sto Traps Triggered 4 | . 2 . . 2 Indirectly . | . . . . . Trap Hack Attempts . | . . . . . Triggered . | . . . . . Disarmed . | . . . . . Reprogrammed . | . . . . . Reused . | . . . . . Traps Extracted . | . . . . . Installed . | . . . . . Triggered . | . . . . . Machines | -11 -10 -9 -8 -8 ---------- Run | Scr Mat Mat Mat Sto Machines Disabled 7 | . 1 . 1 5 Max in Single Turn 2 | . 1 . 1 2 Machines Sabotaged . | . . . . . Garrisons Compromised . | . . . . . Overloaded Fab Kills . | . . . . . Fab Network Shutdowns . | . . . . . Hacking | -11 -10 -9 -8 -8 --------- Run | Scr Mat Mat Mat Sto Machines Accessed 11 | . 2 4 . 5 Terminals 9 | . 1 3 . 5 Fabricators . | . . . . . Repair Stations . | . . . . . Recycling Units 1 | . 1 . . . Scanalyzers 1 | . . 1 . . Garrison Access . | . . . . . Total Hacks 29 | . 4 11 . 14 Successful 18 | . 2 7 . 9 Failed 11 | . 2 4 . 5 Catastrophic 1 | . 1 . . . Database Lockouts . | . . . . . Manual 17 | . 1 7 . 9 Terminals 23 | . 2 7 . 14 Fabricators . | . . . . . Repair Stations . | . . . . . Recycling Units 2 | . 2 . . . Scanalyzers 4 | . . 4 . . Garrison Access . | . . . . . Terminal Hacks 5 | . 1 1 . 3 Open Door 2 | . . . . 2 Unreport Threat 1 | . . 1 . . Zone Layout 2 | . 1 . . 1 Fabricator Hacks . | . . . . . Repair Station Hacks . | . . . . . Recycling Unit Hacks 1 | . 1 . . . Retrieve Components 1 | . 1 . . . Scanalyzer 4 | . . 4 . . Insert Component 2 | . . 2 . . Analyze 2 | . . 2 . . Garrison Access Hacks . | . . . . . Unauthorized Hacks 8 | . . 2 . 6 Terminals 8 | . . 2 . 6 Track 3 | . . . . 3 Botnet 4 | . . 2 . 2 Disrupt 1 | . . . . 1 Fabricators . | . . . . . Repair Stations . | . . . . . Recycling Units . | . . . . . Scanalyzers . | . . . . . Garrison Access . | . . . . . Data Cores Recovered . | . . . . . Used . | . . . . . Hacking Detections 9 | . 2 3 . 4 Full Trace Events 2 | . 1 . . 1 Feedback Events 1 | . . . . 1 Corruption 1 | . . . . 1 Feedback Blocked . | . . . . . Robot Schematics Acquired . | . . . . . Robots Built . | . . . . . Matter . | . . . . . Time . | . . . . . Total Robot Build Rating . | . . . . . Part Schematics Acquired 2 | . . 2 . . Parts Built . | . . . . . Matter . | . . . . . Time . | . . . . . Total Part Build Rating . | . . . . . Parts Repaired . | . . . . . Time . | . . . . . Parts Recycled . | . . . . . Recycled Matter . | . . . . . Retrieved Matter . | . . . . . Retrieved Components 3 | . 3 . . . Parts Scanalyzed 2 | . . 2 . . Part Schematics Acquired 2 | . . 2 . . Parts Damaged . | . . . . . Bothacking | -11 -10 -9 -8 -8 ------------ Run | Scr Mat Mat Mat Sto Used RIF Installer . | . . . . . Robots Hacked . | . . . . . Non-combat . | . . . . . Combat . | . . . . . Robot Hacks Applied . | . . . . . Relay Couplers Released . | . . . . . Robots Rewired . | . . . . . Allies Hacked . | . . . . . Hacks Repelled . | . . . . . Allies | -11 -10 -9 -8 -8 -------- Run | Scr Mat Mat Mat Sto Total Allies 10 | . . . . 10 Largest Group 10 | . . . . 10 Highest-Rated Group 173 | . . . . 173 Highest-Rated Ally 29 | . . . . 29 Total Orders . | . . . . . Ally Attacks 75 | . . . . 75 Total Damage 1034 | . . . . 1034 Kills 15 | . . . . 15 Allies Corrupted . | . . . . . Allies Melted . | . . . . . Intel | -11 -10 -9 -8 -8 ------- Run | Scr Mat Mat Mat Sto Robot Analysis Total . | . . . . . Derelict Logs Recovered . | . . . . . Drone Launches . | . . . . . Drone Recoveries . | . . . . . Exploration | -11 -10 -9 -8 -8 ------------- Run | Scr Mat Mat Mat Sto Turns Passed 1520 | 72 303 407 128 610 Spaces Moved 739 | 38 149 177 64 311 Core 5 | 3 . . . 2 Treads 728 | 35 149 175 64 305 Legs . | . . . . . Wheels 6 | . . 2 . 4 Hover . | . . . . . Flight . | . . . . . Fastest Speed 50 | 50 160 110 160 50 Average Speed 161 | 153 160 170 160 158 Slowest Speed 200 | 160 160 200 160 180 Overloaded Moves . | . . . . . Propulsion Burnouts . | . . . . . Robots Hopped . | . . . . . Cave-ins Triggered . | . . . . . Exploration Rate (%) 27 | 4 41 23 8 60 Regions Visited 4 Branch Regions 1 Pre-discovered Areas . | . . . . . Known Exits Taken . | . . . . . Unknown Exits Taken 4 | 1 1 1 1 . Scrap Searched . | . . . . . Spaces Dug 20 | . . . . 20 Terrain Destroyed 184 | . 11 24 39 110 Melee . | . . . . . Projectile . | . . . . . AOE 184 | . 11 24 39 110 Terrain Rammed . | . . . . . Walls Destroyed . | . . . . . Machines Disabled . | . . . . . Actions | -11 -10 -9 -8 -8 --------- Run | Scr Mat Mat Mat Sto Total 920 | 49 188 239 74 370 Wait 35 | 2 9 18 . 6 Move 736 | 37 148 176 64 311 Hop . | . . . . . Pick Up 15 | 4 4 4 . 3 Fast Attach 25 | 6 4 9 . 6 Attach 18 | . 2 5 2 9 Detach 7 | . 2 2 . 3 Swap 6 | . 1 1 1 3 Drop 1 | . 1 . . . Fire 73 | . 15 22 7 29 Melee 3 | . 2 1 . . Ram . | . . . . . Kick . | . . . . . Crush 1 | . . 1 . . Escape Stasis . | . . . . . Rewire . | . . . . . Trap . | . . . . . Miscellaneous . | . . . . . Route ------- -11/Scrapyard -10/Materials -9/Materials -8/Materials -8/Storage (discovered 1 exit: [Rec]) History --------- Turn | Location | Event 9 | -11/Scrapyard | Discovered new exit (range 15) 73 | -11/Scrapyard | Entered Materials 145 | -10/Materials | Core integrity fell below 50% 309 | -10/Materials | Build established: Mutant 343 | -10/Materials | Discovered new exit (range 7) 376 | -10/Materials | Entered another Materials area 376 | -9/Materials | Evolved 2 slots: Utility x1, Weapon x1 591 | -9/Materials | Lost 8 parts (1p2n5w) 756 | -9/Materials | Discovered new exit (range 16) 783 | -9/Materials | Entered another Materials area 783 | -8/Materials | Evolved 2 slots: Propulsion x2 886 | -8/Materials | Discovered new exit (range 6) 911 | -8/Materials | Entered Storage 923 | -8/Storage | Destroyed 7 combat bots 1007 | -8/Storage | Lost 4 parts (1p1n1u1w) 1075 | -8/Storage | Assisted by bots powering up and referring to "LRC-V3" 1075 | -8/Storage | Discovered new exit (range 14) 1487 | -8/Storage | Assembled infested ambush trap array 1516 | -8/Storage | Core integrity fell below 50% 1520 | -8/Storage | Core integrity fell below 20% 1520 | -8/Storage | Released all parts (2) 1521 | -8/Storage | Destroyed by D-53 Grenadier with Mini Grenade Launcher Last Messages --------------- 01510_ The unstable cave ceiling collapses. 01510_ R-06 Scavenger collects Imp. Ion Engine. 01512_ K-01 Serf collects debris. 01512_ Lgt. Treads destroyed. 01512_ Flak Cannon destroyed. 01512_ Imp. Signal Interpreter destroyed. 01513_ R-06 Scavenger collects Lgt. Armor Plating. 01513_ Heat Sink destroyed. 01515_ The unstable cave ceiling collapses. 01515_ Wheel destroyed. 01515_ K-01 Serf collects debris. 01517_ The unstable cave ceiling collapses. 01518_ Y-45 Defender destroyed. 01518_ K-01 Serf collects debris. 01519_ The unstable cave ceiling collapses. 01519_ O-16 Technician destroyed. 01520_ The unstable cave ceiling collapses. 01520_ Released Hcp. Storage Unit. 01520_ Released Com. Wheel. 01520_ Repair Station disabled. Map ----- +----------------------------------------------------+ | ??????????????????????# ?????????????????## ## | | ??????????????????????# ???????########### | | ??????????????????????# ??????Y# | | ???????????????????????????????# | | ???????????????????????????????# | | ???????????????????????????????######+#### | | ??????????????????????????????????? ?## # | | ?????????????????????????????????# ## # | | ?????????????????????????????????# ## # | | ?????????????????????????????????#!/ ! ## + | | ?????????????????????????????????# ## # | | ?????????????????????????????????# ## # | | ?????????????????????????????????#/ ## # | | ?????????????????????????????????# ! ## %# | | ?????????????????????????????????# ## % # | | ?????????????????????????????????# ## # | | ????????????????????????######???# ## # | | ???????????????????????# [[ ???####/##### # | | ???????????????????????# [[ ""?????? ????# # | | ???????????????????????# [[ ""??#??? ????# # | | ???????????????????????# """ ##?? ????# = # | | ???????????????????##### """ """ T#?? #???# %!# | | ??????????""???????# "R """ #??# #???# * # | | ??????????"" ????## "" #??# #???# | | ??????????"" ??# #??# #???# # | | ????????? ## @ ! #+###???# # | | ?????????###+#### / ^ #??## ######+## | | ??????? % #??# ## | | ??????? d! #??# ## """ | | ??????? % d$ [*####% "??"[" | | ????????####### k %!g* % % %"[""=" | | ??????????# # ###*# * % ["" " | | ??????????# g "]"" " | | ??????????# # g """ | | ??????????# T # # | | ??????????# """ """ ###### ######## | | ??????????# """ """ ?????# #" #?????? | | ?????????????"" """??????# """" ## #?????? | | ????????????? ??? ??????# """" ## ##?????? | | ?????????????????????????# """" ## #??????? | | ?????????????????????????# """" ######??????? | | ?????????????????????????##?#######???????????? | | ??????????????????????????????????????????????? | | | | | | | | | | | | | | | +----------------------------------------------------+ Best States ------------- Heat Dissipation 51 Energy Generation 14 Energy Capacity 280 Matter Stores 300 Matter Capacity 300 Sight Range 16 Terrain Scan Density 10 Evasion (%) 40 Recoil Reduction 4 Item Schematics ----------------- Com. Wheel | -9/Materials | Scanalyzed Grenade Launcher | -9/Materials | Scanalyzed Robot Schematics ------------------ None Fabricated ------------ Nothing Alien Tech Used ----------------- None Achievements -------------- None Challenges ------------ None Game ------ Seed ReactiveFusionFirepult Manual? 0 Play Time 00:14:55 Cumulative 56.4 hours Start 2020.09.24 @ 20:31:20 End 2020.09.24 @ 20:46:21 Sessions 1 Manual Loads 0 Difficulty Rogue Special Mode None Game No. 107 Rogue 107 Adventurer 0 Explorer 0 Win Type - Total 0 Types 0/0/0/0/0/0/0/0/0 Lore% 45 Gallery% 53 Achievement% 38 Wizard Run 0 Options --------- ASCII 1 Keyboard 1 Movement Numpad Keybinds 0 Fullscreen 1 Font 18/Terminus Map View 76x50 Tactical HUD 1 Map Filters NONE Filters NONE Steam 1 RUN: 9233cd9c-ada7-4138-8b5c-b7a2d1dad956